PIO
WASHINGTON (RK+) NATIONALS @ MISSOULA OSPREY
06/23/2099
 
TOP OF THE 1ST
Washington (Rk+) Nationals batting - Pitching for Missoula Osprey : LHP Danny Torres
Pitching: LHP Danny Torres
Batting: RHB Leonard Holmes 0-0: Ball
1-0: Called Strike
1-1: Ball
2-1: Ball
3-1: Swinging Strike
3-2: Strikes out swinging
Batting: RHB Jose Mora 0-0: Fly out, F7 (Flyball, 78S, EV 88.1 MPH)
Batting: RHB Alejandro Escobar 0-0: Foul Ball, location: 7LDF
0-1: Swinging Strike
0-2: SOLO HOME RUN (Flyball, 89XD, EV 98.8 MPH), Distance : 382 ft
Batting: RHB Kenny Moyer 0-0: Ball
1-0: Fly out, F8 (Flyball, 8RD, EV 86.3 MPH)
Top of the 1st over - 1 run, 1 hit, 0 errors, 0 left on base; Washington (Rk+) 1 - Missoula 0
BOTTOM OF THE 1ST
Missoula Osprey batting - Pitching for Washington (Rk+) Nationals : RHP Ramon Ayala
Pitching: RHP Ramon Ayala
Batting: RHB Mario Mora 0-0: Ball
1-0: SINGLE (Line Drive, 34D, EV 102.5 MPH)
Batting: RHB Nate Van Diepen 0-0: Called Strike
0-1: Ball
1-1: Called Strike
1-2: Fielders Choice at 2nd, 6-4 (Groundball, 56, EV 102.5 MPH)
Batting: RHB Matt Ades 0-0: Called Strike
0-1: Ball
1-1: Ball
2-1: Fly out, F4 (Popup, 4, EV 61.9 MPH)
Batting: RHB John Hudson 0-0: Called Strike
0-1: Ball
1-1: Foul Ball, location: 2F
1-2: Ball
2-2: Ball
3-2: Ground out 4-3 (Groundball, 4M, EV 99.4 MPH)
Bottom of the 1st over - 0 runs, 1 hit, 0 errors, 1 left on base; Washington (Rk+) 1 - Missoula 0
TOP OF THE 2ND
Washington (Rk+) Nationals batting - Pitching for Missoula Osprey : LHP Danny Torres
Batting: RHB Ryan Usery 0-0: Called Strike
0-1: Fly out, F9 (Flyball, 9S, EV 91.3 MPH)
Batting: RHB Carlos Padilla 0-0: Ball
1-0: Ground out 5-3 (Groundball, 5S, EV 80.6 MPH)
Batting: RHB Josh Alfaro 0-0: Swinging Strike
0-1: Foul Ball, location: 25F
0-2: SINGLE (Line Drive, 78S, EV 105.6 MPH)
Batting: RHB Mark Tackett 0-0: Ground out 4-3 (Groundball, 4, EV 87.5 MPH)
Top of the 2nd over - 0 runs, 1 hit, 0 errors, 1 left on base; Washington (Rk+) 1 - Missoula 0
BOTTOM OF THE 2ND
Missoula Osprey batting - Pitching for Washington (Rk+) Nationals : RHP Ramon Ayala
Batting: RHB Tom Musgrave 0-0: Ball
1-0: SINGLE (Groundball, 56S, EV 65.6 MPH) (infield hit)
Batting: RHB Josh McGarry 0-0: Ball
1-0: Foul Ball, location: 5DF
1-1: Foul Ball, location: 2F
1-2: SINGLE (Line Drive, 9S, EV 107.5 MPH)
Tom Musgrave to second
Batting: RHB John Stringfellow 0-0: Swinging Strike
0-1: SINGLE (Line Drive, 9S, EV 93.1 MPH)
Tom Musgrave to third
Josh McGarry to second
Batting: RHB Emilio Cardenas 0-0: Ball
1-0: Foul Ball, location: 9LSF
1-1: Called Strike
1-2: Fielders Choice at 2nd, 6-4 (Groundball, 6M, EV 86.3 MPH)
Tom Musgrave scores
Josh McGarry to third
Batting: RHB Ramon Naba 0-0: Ball
1-0: SINGLE (Groundball, 34D, EV 101.9 MPH)
Josh McGarry scores
Emilio Cardenas to second
Runner from 2nd tries for 3rd, SAFE, no throw by RF
Batting: RHB Mario Mora 0-0: Ball
1-0: SINGLE (Line Drive, 89S, EV 93.1 MPH)
Emilio Cardenas scores
Ramon Naba to second
Runner from 2nd tries for 3rd, SAFE, throw by CF made to third
Batting: RHB Nate Van Diepen 0-0: Called Strike
0-1: Called Strike
0-2: SINGLE (Groundball, 34D, EV 106.3 MPH)
Ramon Naba scores
Mario Mora to second
Runner from 2nd tries for 3rd, SAFE, no throw by RF
Batting: RHB Matt Ades 0-0: Called Strike
0-1: Ball
1-1: Fly out, F3 (Popup, 3F, EV 75.0 MPH)
Batting: RHB John Hudson 0-0: Called Strike
0-1: Foul Ball, location: 2F
0-2: Strikes out swinging
Bottom of the 2nd over - 4 runs, 6 hits, 0 errors, 2 left on base; Washington (Rk+) 1 - Missoula 4
TOP OF THE 3RD
Washington (Rk+) Nationals batting - Pitching for Missoula Osprey : LHP Danny Torres
Batting: RHB Bob Ojeda 0-0: Ball
1-0: Swinging Strike
1-1: Fly out, F7 (Flyball, 7D, EV 101.3 MPH)
Batting: RHB Leonard Holmes 0-0: Ball
1-0: Called Strike
1-1: Ball
2-1: Swinging Strike
2-2: Strikes out swinging
Batting: RHB Jose Mora 0-0: Swinging Strike
0-1: Ball
1-1: Called Strike
1-2: Foul Ball, location: 3SF
1-2: Ball
2-2: Foul Ball, location: 9LDF
2-2: Foul Ball, location: 2F
2-2: SINGLE (Flyball, 3D, EV 91.3 MPH) - OUT at second base trying to stretch hit.
Top of the 3rd over - 0 runs, 1 hit, 0 errors, 0 left on base; Washington (Rk+) 1 - Missoula 4
BOTTOM OF THE 3RD
Missoula Osprey batting - Pitching for Washington (Rk+) Nationals : RHP Ramon Ayala
Batting: RHB Tom Musgrave 0-0: Swinging Strike
0-1: SINGLE (Groundball, 34D, EV 102.5 MPH)
Batting: RHB Josh McGarry 0-0: Called Strike
0-1: Fly out, F7 (Line Drive, 78M, EV 103.1 MPH)
Batting: RHB John Stringfellow 0-0: Ball
1-0: Ball
2-0: Called Strike
2-1: Foul Ball, location: 9LDF
2-2: Hit by Pitch
Tom Musgrave to second
Batting: RHB Emilio Cardenas 0-0: Called Strike
0-1: SINGLE (Flyball, 8RS, EV 94.4 MPH)
Tom Musgrave to third
John Stringfellow to second
Batting: RHB Ramon Naba 0-0: Called Strike
0-1: Swinging Strike
0-2: Fly out, F9 (Flyball, 89S, EV 81.9 MPH)
Batting: RHB Mario Mora 0-0: Swinging Strike
0-1: Ball
1-1: Ball
2-1: DOUBLE (Line Drive, 89D, EV 100.0 MPH)
Tom Musgrave scores
John Stringfellow scores
Emilio Cardenas to third
Pitching: RHP Henri Galvanoni
Batting: RHB Nate Van Diepen 0-0: Ball
1-0: Foul Ball, location: 5F
1-1: Ball
2-1: SINGLE (Groundball, 4MD, EV 99.4 MPH)
Emilio Cardenas scores
Mario Mora to third
Runner from 3rd tries for Home, SAFE, throw by CF to home
Nate Van Diepen to second
Batting: RHB Matt Ades 0-0: Ball
1-0: Fly out, F8 (Line Drive, 8LD, EV 110.6 MPH)
Bottom of the 3rd over - 4 runs, 4 hits, 0 errors, 1 left on base; Washington (Rk+) 1 - Missoula 8
TOP OF THE 4TH
Washington (Rk+) Nationals batting - Pitching for Missoula Osprey : LHP Danny Torres
Batting: RHB Alejandro Escobar 0-0: Called Strike
0-1: Called Strike
0-2: Ball
1-2: Strikes out swinging
Batting: RHB Kenny Moyer 0-0: Called Strike
0-1: Foul Ball, location: 7LMF
0-2: Foul Ball, location: 7LDF
0-2: Ball
1-2: Fly out, F7 (Flyball, 7LM, EV 92.5 MPH)
Batting: RHB Ryan Usery 0-0: Fly out, F7 (Line Drive, 78M, EV 98.8 MPH)
Top of the 4th over - 0 runs, 0 hits, 0 errors, 0 left on base; Washington (Rk+) 1 - Missoula 8
BOTTOM OF THE 4TH
Missoula Osprey batting - Pitching for Washington (Rk+) Nationals : RHP Henri Galvanoni
Batting: RHB John Hudson 0-0: Ball
1-0: Ball
2-0: Ball
3-0: Called Strike
3-1: Base on Balls
Batting: RHB Tom Musgrave 0-0: Foul Ball, location: 3DF
0-1: Ball
1-1: Fly out, F6 (Popup, 6M, EV 66.9 MPH)
Batting: RHB Josh McGarry 0-0: Ball
1-0: Swinging Strike
1-1: Ball
2-1: Ball
3-1: Called Strike
3-2: Foul Ball, location: 5FF
3-2: Foul Ball, location: 2F
3-2: Base on Balls
John Hudson to second
Batting: RHB John Stringfellow 0-0: Called Strike
0-1: Fly out, F8 (Flyball, 8LD, EV 96.9 MPH)
Batting: RHB Emilio Cardenas 0-0: Ball
1-0: Fly out, F7 (Flyball, 7LS, EV 90.0 MPH)
Bottom of the 4th over - 0 runs, 0 hits, 0 errors, 2 left on base; Washington (Rk+) 1 - Missoula 8
TOP OF THE 5TH
Washington (Rk+) Nationals batting - Pitching for Missoula Osprey : LHP Danny Torres
Batting: RHB Carlos Padilla 0-0: Ball
1-0: Foul Ball, location: 5F
1-1: Foul Ball, location: 2F
1-2: Ball
2-2: DOUBLE (Line Drive, 78D, EV 100.6 MPH)
Batting: RHB Josh Alfaro 0-0: Ball
1-0: Fly out, F6 (Popup, 6MS, EV 69.4 MPH)
Batting: RHB Mark Tackett 0-0: Ball
1-0: Swinging Strike
1-1: Ball
2-1: Foul Ball, location: 9LMF
2-2: Fly out, F8 (Flyball, 8RM, EV 80.6 MPH)
Batting: RHB Bob Ojeda 0-0: Called Strike
0-1: Ground out 6-3 (Groundball, 6, EV 83.8 MPH)
Top of the 5th over - 0 runs, 1 hit, 0 errors, 1 left on base; Washington (Rk+) 1 - Missoula 8
BOTTOM OF THE 5TH
Missoula Osprey batting - Pitching for Washington (Rk+) Nationals : RHP Henri Galvanoni
Batting: RHB Ramon Naba 0-0: Ball
1-0: Ball
2-0: SINGLE (Groundball, 56D, EV 108.1 MPH)
Batting: RHB Mario Mora 0-0: Fly out, F6 (Line Drive, 6MD, EV 70.0 MPH)
Batting: RHB Nate Van Diepen 0-0: Called Strike
0-1: Fielders Choice at 2nd, 6-4 (Groundball, 6, EV 97.5 MPH)
Batting: RHB Matt Ades 0-0: Ball
1-0: Fly out, F8 (Flyball, 8RD, EV 105.0 MPH)
Bottom of the 5th over - 0 runs, 1 hit, 0 errors, 1 left on base; Washington (Rk+) 1 - Missoula 8
TOP OF THE 6TH
Washington (Rk+) Nationals batting - Pitching for Missoula Osprey : LHP Danny Torres
Batting: RHB Leonard Holmes 0-0: Ball
1-0: Called Strike
1-1: Ball
2-1: Ball
3-1: SINGLE (Line Drive, 4MD, EV 94.4 MPH)
Batting: RHB Jose Mora 0-0: Ball
Leonard Holmes steals 2nd, throwing error, E2
Leonard Holmes to third
1-0: Foul Ball, location: 23F
1-1: Swinging Strike
1-2: Ball
2-2: SINGLE (Groundball, 56D, EV 97.5 MPH)
Leonard Holmes scores
Batting: RHB Alejandro Escobar 0-0: Foul Ball, location: 2F
0-1: TRIPLE (Line Drive, 78XD, EV 102.5 MPH)
Jose Mora scores
Batting: RHB Kenny Moyer 0-0: Fly out, F9 (Flyball, 89M, EV 96.9 MPH)
Pitching: LHP Nick Holloman
Batting: RHB Ryan Usery 0-0: Ball
1-0: Ball
2-0: Ball
3-0: Base on Balls
Batting: RHB Carlos Padilla 0-0: Foul Ball, location: 2F
0-1: Called Strike
Ryan Usery steals 2nd base
0-2: Ball
1-2: Ball
2-2: Strikes out swinging
Batting: RHB Josh Alfaro 0-0: Foul Ball, location: 7LMF
0-1: Ball
1-1: Foul Ball, location: 9LDF
1-2: Ground out 6-3 (Groundball, 6S, EV 88.8 MPH)
Top of the 6th over - 2 runs, 3 hits, 1 error, 2 left on base; Washington (Rk+) 3 - Missoula 8
BOTTOM OF THE 6TH
Missoula Osprey batting - Pitching for Washington (Rk+) Nationals : RHP Henri Galvanoni
Batting: RHB John Hudson 0-0: Swinging Strike
0-1: Swinging Strike
0-2: Strikes out swinging, 2-3 out at first.
Batting: RHB Tom Musgrave 0-0: Called Strike
0-1: Swinging Strike
0-2: Fly out, F3 (Popup, 3S, EV 80.6 MPH)
Batting: RHB Josh McGarry 0-0: Fly out, F7 (Line Drive, 78D, EV 105.6 MPH)
Bottom of the 6th over - 0 runs, 0 hits, 0 errors, 0 left on base; Washington (Rk+) 3 - Missoula 8
TOP OF THE 7TH
Washington (Rk+) Nationals batting - Pitching for Missoula Osprey : LHP Nick Holloman
Batting: RHB Mark Tackett 0-0: Fly out, F8 (Flyball, 8LM, EV 88.1 MPH)
Batting: RHB Bob Ojeda 0-0: Swinging Strike
0-1: Ball
1-1: Ball
2-1: Foul Ball, location: 5FF
2-2: Strikes out swinging
Batting: RHB Leonard Holmes 0-0: Ball
1-0: Swinging Strike
1-1: Ball
2-1: Swinging Strike
2-2: Foul Ball, location: 2F
2-2: Foul Ball, location: 2F
2-2: Strikes out looking
Top of the 7th over - 0 runs, 0 hits, 0 errors, 0 left on base; Washington (Rk+) 3 - Missoula 8
BOTTOM OF THE 7TH
Missoula Osprey batting - Pitching for Washington (Rk+) Nationals : RHP Henri Galvanoni
Batting: RHB John Stringfellow 0-0: Fly out, F3 (Popup, 3S, EV 72.5 MPH)
Batting: RHB Emilio Cardenas 0-0: Ball
1-0: Ball
2-0: Foul Ball, location: 2F
2-1: Swinging Strike
2-2: Foul Ball, location: 2F
2-2: Foul Ball, location: 23FF
2-2: Strikes out swinging
Batting: RHB Ramon Naba 0-0: Ball
1-0: Called Strike
1-1: Ball
2-1: Foul Ball, location: 23FF
2-2: Fly out, F8 (Flyball, 8LXD, EV 85.0 MPH)
Bottom of the 7th over - 0 runs, 0 hits, 0 errors, 0 left on base; Washington (Rk+) 3 - Missoula 8
TOP OF THE 8TH
Washington (Rk+) Nationals batting - Pitching for Missoula Osprey : LHP Nick Holloman
Batting: RHB Jose Mora 0-0: Ball
1-0: Ground out 4-3 (Groundball, 4, EV 85.0 MPH)
Batting: RHB Alejandro Escobar 0-0: SINGLE (Line Drive, 56D, EV 68.1 MPH)
Batting: RHB Kenny Moyer 0-0: Ball
1-0: Ball
2-0: Ball
3-0: Called Strike
3-1: Called Strike
3-2: Base on Balls
Alejandro Escobar to second
Batting: RHB Ryan Usery 0-0: Ball
1-0: Ball
2-0: SINGLE (Groundball, 3D, EV 106.3 MPH)
Alejandro Escobar to third
Kenny Moyer to second
Runner from 3rd tries for Home, SAFE, throw by RF to home
Batting: RHB Carlos Padilla 0-0: Swinging Strike
0-1: Ball
1-1: 3-RUN HOME RUN (Flyball, 8LXD, EV 109.4 MPH), Distance : 428 ft
Pitching: LHP Matt Seay
Batting: RHB Josh Alfaro 0-0: Called Strike
0-1: Foul Ball, location: 5FF
0-2: SINGLE (Groundball, 4MD, EV 97.5 MPH)
Batting: RHB Mark Tackett 0-0: Called Strike
0-1: Swinging Strike
0-2: Strikes out looking
Pinch Hitting: LHB Kenny Hunter 0-0: Foul Ball, location: 3FF
0-1: Foul Ball, location: 7LMF
0-2: Foul Ball, location: 23F
0-2: Ball
1-2: SINGLE (Groundball, 4MD, EV 98.8 MPH)
Josh Alfaro to second
Runner from 2nd tries for 3rd, OUT! 8-5
Top of the 8th over - 4 runs, 5 hits, 0 errors, 1 left on base; Washington (Rk+) 7 - Missoula 8
BOTTOM OF THE 8TH
Missoula Osprey batting - Pitching for Washington (Rk+) Nationals : RHP Henri Galvanoni
Pitching: RHP Angelo Cervantes
Now at C: Jeremiah Bell
Batting: RHB Mario Mora 0-0: Ball
1-0: Foul Ball, location: 2F
1-1: Foul Ball, location: 9LDF
1-2: Ball
2-2: Fly out, F7 (Flyball, 78M, EV 95.0 MPH)
Batting: RHB Nate Van Diepen 0-0: Fly out, F7 (Flyball, 7, EV 79.4 MPH)
Batting: RHB Matt Ades 0-0: Foul Ball, location: 23F
0-1: Fly out, F7 (Line Drive, 7, EV 104.4 MPH)
Bottom of the 8th over - 0 runs, 0 hits, 0 errors, 0 left on base; Washington (Rk+) 7 - Missoula 8
TOP OF THE 9TH
Washington (Rk+) Nationals batting - Pitching for Missoula Osprey : LHP Matt Seay
Now in LF: Nate Stombaugh
Batting: RHB Leonard Holmes 0-0: Called Strike
0-1: Called Strike
0-2: Ball
1-2: Strikes out swinging
Batting: RHB Jose Mora 0-0: Ball
1-0: Called Strike
1-1: Ball
2-1: Ground out 6-3 (Groundball, 6, EV 78.8 MPH)
Batting: RHB Alejandro Escobar 0-0: Ball
1-0: Foul Ball, location: 5FF
1-1: Called Strike
1-2: Foul Ball, location: 7LSFF
1-2: Foul Ball, location: 2F
1-2: Fly out, F8 (Flyball, 8RS, EV 88.8 MPH)
Top of the 9th over - 0 runs, 0 hits, 0 errors, 0 left on base; Washington (Rk+) 7 - Missoula 8
Thursday, May 9th , 2024 - OOTP Baseball 24.11 Build 85